 Dungeon Sprint DCSS version 0.23-a0-681-g26ad783 (webtiles) character file.

50 Lanoc the Slasher (level 3, -7/30 HPs)
             Began as a Demonspawn Berserker on Jan 10, 2019.
             Was a Priest of Trog.
             Mangled by a gnoll sergeant
             ... wielding a +0 spear
              (12 damage)
             ... in the Dungeon (Sprint IX: "|||||||||||||||||||||||||||||").
             The game lasted 00:00:32 (302 turns).

Lanoc the Slasher (Demonspawn Berserker)             Turns: 302, Time: 00:00:33

Health: -7/30      AC:  2    Str: 18    XL:     3   Next: 55%
Magic:  3/3        EV: 15    Int:  8    God:    Trog [***...]
Gold:   0          SH:  0    Dex: 12    Spells: 2/2 levels left

rFire    + . .     SeeInvis .   a - +0 falchion
rCold    . . .     Gourm    .   (no shield)
rNeg     . . .     Faith    .   b - +0 animal skin
rPois    .         Spirit   .   (no helmet)
rElec    .         Reflect  .   (no cloak)
rCorr    .         Harm     .   (no gloves)
MR       .....     NoTele   +   (no boots)
Stlth    +.........             (no amulet)
HPRegen  0.10/turn              (no ring)
MPRegen  0.08/turn              (no ring)

@: berserk cooldown, slowed, very slow
A: repulsion field 1, fire resistance 1
a: Berserk, Trog's Hand, Renounce Religion


You were in the Dungeon.
You worshipped Trog.
Trog was most pleased with you.
You were not hungry.

You visited 1 branch

Inventory:

Hand Weapons
 a - a +0 falchion (weapon)
Armour
 b - a +0 animal skin (worn)
Scrolls
 i - a scroll of blinking
Potions
 f - a potion of haste
 g - 2 potions of magic
Comestibles
 c - a ration


   Skills:
 + Level 4.3 Fighting
 * Level 4.9 Long Blades
 + Level 3.3 Armour
 + Level 3.3 Dodging


You had 2 spell levels left.
You didn't know any spells.
Your spell library was empty.

Dungeon Overview and Level Annotations

Branches:
Dungeon (1/1)

Altars:


Innate Abilities, Weirdness & Mutations

You are surrounded by a mild repulsion field. (EV +2)
Your flesh is heat resistant. (rF+)


Message History

You barely miss the gnoll sergeant.
The gnoll sergeant hits you with a +0 spear.
You barely miss the gnoll sergeant.
You are no longer berserk.
You are exhausted.
You feel yourself slow down.
You slash the gnoll sergeant!
The gnoll sergeant is moderately wounded.
The gnoll sergeant hits you with a +0 spear!
* * * LOW HITPOINT WARNING * * *
The gnoll sergeant hits you but does no damage.
You feel much better.
The gnoll sergeant hits you with a +0 spear!
You barely miss the gnoll sergeant.
The gnoll sergeant is moderately wounded.
The gnoll sergeant hits you with a +0 spear!
Ouch! That really hurt!
* * * LOW HITPOINT WARNING * * *
The gnoll sergeant hits you with a +0 spear!
You die...

▓.▓
▓)▓
▓)▓
▓.▓
▓.▓
▓.▓
▓.▓
▓'▓
▓@▓
▓g▓
▓h▓
▓.▓
▓.▓
▓+▓


You could see a gnoll sergeant and a hound.

Vanquished Creatures
  An iguana (D)
  A gnoll (D)
  An adder (D)
  2 goblins (D)
  A hobgoblin (D)
  2 rats (D)
8 creatures vanquished.

Notes
Turn   | Place    | Note
-------+----------+-------------------------------------------
     0 | D        | Lanoc the Demonspawn Berserker began the quest for the Orb.
     0 | D        | Reached XP level 1. HP: 18/18 MP: 1/1
     7 | D        | Banished a spatial maelstrom
    10 | D        | Reached ** piety under Trog
   282 | D        | Noticed an iguana
   282 | D        | Noticed a gnoll sergeant
   282 | D        | Noticed a hound
   290 | D        | Gained mutation: Your flesh is heat resistant. (rF+)
                  | [demonic ancestry]
   290 | D        | Reached XP level 2. HP: 22/24 MP: 2/2
   293 | D        | Reached *** piety under Trog
   296 | D        | Gained mutation: You are surrounded by a mild repulsion
                  | field. (EV +2) [demonic ancestry]
   296 | D        | Reached XP level 3. HP: 25/30 MP: 3/3
   302 | D        | Mangled by a gnoll sergeant

Vault maps used:
D:        linesprint

Skill      XL: |  1  2 |
---------------+-------+-----
Long Blades    | 3 4 |  4.9
Armour         | 2 3 |  3.3
Dodging        | 2 3 |  3.3
Fighting       | 4 |  4.3

Action                   || total
-------------------------++-------
Melee: Falchion          ||    25
  Use: Potion            ||     3
Armor: Animal skin       ||     2
Dodge: Dodged            ||    16
       Rpst.: Falchion   ||     3

Table legend:
 A = Non-vault XP
 B = Vault XP
 C = Vault XP percentage of total XP
 D = Non-vault monster count
 E = Vault monster count
 F = Vault count percentage of total count
                 A         B        C        D         E       F
            +---------+---------+-------+---------+---------+-------
      Total |       0 |      72 | 100.0 |       0 |       8 | 100.0
            +---------+---------+-------+---------+---------+-------
          D |       0 |      72 | 100.0 |       0 |       8 | 100.0
            +---------+---------+-------+---------+---------+-------
